 Dungeon Crawl Stone Soup version 0.16-a0-4004-g8d6611c (webtiles) character file.

130 plathrop the Insei (level 5, -1/29 HPs)
             Began as a Vine Stalker Monk on Feb 14, 2015.
             Killed by nerve-wracking pain
             ... invoked by an orc priest
              (10 damage)
             ... on level 3 of the Dungeon.
             The game lasted 00:06:08 (1438 turns).

plathrop the Insei (Vine Stalker Monk)              Turns: 1438, Time: 00:06:08

Health: -1/29      AC: 16    Str: 13    XL:     5   Next: 13%
Magic:  0/7        EV:  5    Int: 10    God:
Gold:   92         SH:  4    Dex: 18    Spells: 0 memorised, 4 levels left

rFire  . . .     SeeInvis .       - Unarmed
rCold  . . .     Clarity  .     c - +1 chain mail
rNeg   . . .     SustAb   .     n - +0 buckler
rPois  .         Gourm    .     m - +0 helmet
rElec  .         Spirit   +     r - +0 cloak (curse)
rCorr  .         Warding  .     g - +1 pair of gloves
rMut   .         Stasis   .     q - +2 pair of boots
MR     .....                    (no amulet)
Stlth  ..........               (no ring)
                                (no ring)

@: not resistant to hostile enchantments, extremely unstealthy
A: fangs 2, regeneration 1, magic shield, antimagic bite, no device heal 3, rot
immunity
a: no special abilities


You were on level 3 of the Dungeon.
You were not hungry.

You visited 1 branch of the dungeon, and saw 3 of its levels.

You collected 92 gold pieces.

Inventory:

Armour
 c - a +1 chain mail (worn)
 g - a +1 pair of gloves (worn)
 m - a +0 helmet (worn)
 n - a +0 buckler (worn)
 q - a +2 pair of boots (worn)
 r - a cursed +0 cloak (worn)
Scrolls
 l - a scroll of identify
 o - a scroll of fear
Potions
 a - a potion of agility
 e - a potion of degeneration {unknown}
 h - a potion of restore abilities {unknown}
 i - a potion of ambrosia {unknown}
 j - a potion of curing {unknown}
 k - 2 potions of brilliance {unknown}
 p - a potion of haste {unknown}
 s - a potion of might {unknown}
Comestibles
 b - 2 bread rations
 d - 4 chunks of flesh
 f - a meat ration


   Skills:
 + Level 3.6 Fighting
 - Level 2.4 Dodging
 - Level 2.4 Stealth
 + Level 5.6 Unarmed Combat


You had 4 spell levels left.
You didn't know any spells.

Dungeon Overview and Level Annotations

Branches:
Dungeon (3/15)

Altars:
Qazlal


Innate Abilities, Weirdness & Mutations

You have extremely sharp teeth.
Your natural rate of healing is unusually fast.
When hurt, damage is shared between your health and your magic reserves.
Your bite disrupts and absorbs the magic of your enemies.
Potions and wands cannot restore your health.
You are immune to rotting.


Message History

Some of the chunks of flesh in your inventory have rotted away.
You block the bat's attack. The bat barely misses you.
You completely miss the bat.
The bat is severely wounded.
The bat hits you.
The orc priest mumbles some strange prayers to Beogh against you.
Something smites you! The orc wizard casts a spell at you.
The puff of frost hits you!
The orc wizard hits you but does no damage.
You hit the orc wizard but do no damage.
Your bite misses the orc wizard.
The orc wizard gestures at you while chanting.
The magic dart hits you!
The orc wizard hits you but does no damage.
The orc wizard casts a spell at you. The puff of flame hits you!
The orc priest mumbles some strange prayers to Beogh against you.
Pain shoots through your body!
You die...

#..#. #...#.## ###
#...... ....
....o# #.#.#
#...####.#.#
#....##.#.#
#o#o##.#.# .
#o#.##.#.# ..##
#.#@##.#.# #...#
#b#.##.#.#####.#.#
#.#o##...>..<..#.#
#..b.....)##.....#
###.####..##.#
#.### #.# #.....#
#.... #.#
######.###.### #.#
#..........# #.#
#.##########


You could see an orc priest, an orc wizard and a bat.

Vanquished Creatures
  Crazy Yiuf (D:2)
  Terence (D:2)
  Robin (D:2)
  2 adders
  A giant gecko (D:2)
  An ooze (D:2)
  A ball python (D:2)
  5 bats
  14 hobgoblins
  4 jackals (D:2)
  4 kobolds
  A quokka (D:2)
  A giant cockroach (D:2)
  A giant newt (D:2)
  14 goblins
  2 rats (D:2)
  A fungus (D:2)
55 creatures vanquished.

Notes
Turn   | Place    | Note
--------------------------------------------------------------
     0 | D:1      | plathrop, the Vine Stalker Monk, began the quest for the Orb.
     0 | D:1      | Reached XP level 1. HP: 11/11 MP: 1/1
   171 | D:1      | Reached XP level 2. HP: 7/16 MP: 3/3
   726 | D:2      | Reached XP level 3. HP: 14/19 MP: 4/4
   766 | D:2      | Reached skill level 5 in Unarmed Combat
   773 | D:2      | Found a stormy altar of Qazlal.
   826 | D:2      | Noticed Robin
   839 | D:2      | Killed Robin
   839 | D:2      | Reached XP level 4. HP: 19/24 MP: 5/5
   923 | D:2      | Noticed Terence
   940 | D:2      | Killed Terence
  1196 | D:2      | Noticed Crazy Yiuf
  1210 | D:2      | Killed Crazy Yiuf
  1210 | D:2      | Reached XP level 5. HP: 3/28 MP: 0/7
  1438 | D:3      | Killed from afar by an orc priest

Action                   |  1- 3 |  4- 6 || total
-------------------------+-------+-------++-------
Melee: Unarmed           |   127 |    84 ||   211
  Use: Scroll            |     4 |     2 ||     6
  Eat: Chunk             |       |     2 ||     2
